 Dungeon Crawl Stone Soup version 0.28-a0-723-g095bd1b44f (webtiles) character file.

Game seed: 14699037542401970539

184 ytrimaz the Grave Robber (level 5, -1/35 HPs)
             Began as a Demonspawn Necromancer on Oct 25, 2021.
             Succumbed to a scorpion's poison
             ... on level 7 of the Dungeon.
             The game lasted 00:06:43 (4882 turns).

ytrimaz the Grave Robber (Demonspawn Necromancer)   Turns: 4882, Time: 00:06:44

Health: -1/35      AC:  5    Str:  9    XL:     5   Next: 36%
Magic:  6/11       EV: 12    Int: 17    God:
Gold:   287        SH:  0    Dex: 13    Spells: 7/12 levels left

rFire   . . .      SeeInvis .   (no weapon)
rCold   . . .      Faith    .   (no shield)
rNeg    . . .      Spirit   +   a - +0 robe
rPois   .          Reflect  .   (no helmet)
rElec   .          Harm     .   (no cloak)
rCorr   .          Rampage  .   (no gloves)
Will    .....                   (no boots)
Stlth   ++........              k - amulet of guardian spirit
HPRegen 0.11/turn               (no ring)
MPRegen 0.12/turn               (no ring)

@: lethally poisoned (-1 -> -20)
A: molten scales 2
a: no special abilities


You were on level 7 of the Dungeon.
You visited 1 branch of the dungeon, and saw 5 of its levels.

You collected 287 gold pieces.

Inventory:

Armour
 a - a +0 robe (worn)
Jewellery
 k - an amulet of guardian spirit (around neck)
Scrolls
 d - a scroll of fear
 i - a scroll of enchant weapon
Potions
 b - a potion of invisibility {unknown}


   Skills:
 - Level 1.7 Dodging
 - Level 1.7 Stealth
 * Level 4.3 Spellcasting
 * Level 0.2 Conjurations
 + Level 5.5 Necromancy


You had 7 spell levels left.
You knew the following spells:

 Your Spells              Type           Power      Damage    Failure   Level
a - Pain                  Necr           88%        1d8       1%          1
b - Vampiric Draining     Necr           11%        2d7       4%          3
c - Shock                 Conj/Air       16%        1d4       14%         1

Your spell library contained the following spells:

 Spells                   Type           Power      Damage    Failure   Level
 Animate Skeleton         Necr           44%        N/A       1%          1
 Animate Dead             Necr           11%        N/A       16%         4
 Ozocubu's Armour         Ice            3%         N/A       41%         3
 Swiftness                Air            3%         N/A       41%         3
 Agony                    Necr           22%        N/A       41%         5
 Airstrike                Air            1%         N/A       83%         4
 Ozocubu's Refrigeration  Ice            1%         4d5       100%        7


Dungeon Overview and Level Annotations

Branches:
Dungeon (4/15)
 Temple: D:4-7

Altars:
Elyvilon
Kikubaaqudgha
Sif Muna
Trog
Xom
Yredelemnul


Innate Abilities, Weirdness & Mutations

You are mostly covered in molten scales. (AC +3)


Message History

Found 4 curare-tipped darts.
The scorpion closely misses you.
Found a scroll of enchant weapon and a scroll of identify.
The ogre shouts!
The scorpion stings you.
The gnoll hits you from afar with a +0 spear.
The scorpion barely misses you.
There is a stone staircase leading up here.
Okay, then.
The scorpion stings you.
A water moccasin comes into view.
Found a potion of curing.
The centaur zombie barely misses you.
The centaur zombie kicks you but does no damage.
The scorpion misses you.
Sorry, you're not good enough to have a special ability.
The ogre barely misses you. The water moccasin misses you.
The scorpion closely misses you. The water moccasin bites you.
You are lethally poisoned!
The water moccasin poisons you! The gnoll closely misses you.
A centaur comes into view.
* * * LOW HITPOINT WARNING * * *
You feel very sick.
The centaur moves out of view.
* * * LOW HITPOINT WARNING * * *
You feel very sick.
The gnoll's inner flame fades away.
The centaur zombie's inner flame fades away.
The water moccasin completely misses you.
* * * LOW HITPOINT WARNING * * *
You feel sick. The ogre misses you. The gnoll closely misses you.
Sorry, you're not good enough to have a special ability.
* * * LOW HITPOINT WARNING * * *
You feel sick. The centaur zombie barely misses you.
The centaur zombie kicks you but does no damage.
The scorpion stings you.
* * * LOW HITPOINT WARNING * * *
You are more poisoned.
The scorpion poisons you!
Sorry, you're not good enough to have a special ability.
You die...

##) .##.#.#....<...........#
... ..#.#.#................#
o.. .................?....#
. #.. #....................#
#.##.##...>........g.......#
#......$.........gOg.......#
.................ZsS......##
...)....?.........##.....##
................@#########
#................#
#...............##
...............##
##.##.....###.## #. #.....#
#.# # ......# #.#


You could see a water moccasin, an ogre, a scorpion, 3 gnolls and a centaur
zombie.

Vanquished Creatures
  A water moccasin skeleton (D:4)
  An orc wizard (D:4)
  4 adders
  An ufetubus (D:4)
  3 dart slugs (D:1)
  2 orcs (D:4)
  4 endoplasms
  5 giant cockroaches
  9 hobgoblins
  7 jackals
  3 kobolds
  2 quokkas (D:2)
  4 ball pythons
  A bat (D:2)
  7 frilled lizards
  3 goblins
  2 rats (D:2)
59 creatures vanquished.

Notes
Turn   | Place    | Note
-------+----------+-------------------------------------------
     0 | D:1      | ytrimaz the Demonspawn Necromancer began the quest for the
                  | Orb.
     0 | D:1      | Reached XP level 1. HP: 13/13 MP: 3/3
   431 | D:1      | You fall into a shaft and drop 1 floor!
   481 | D:2      | Gained mutation: You are partially covered in molten
                  | scales. (AC +2) [demonic ancestry]
   481 | D:2      | Reached XP level 2. HP: 3/19 MP: 0/5
  1478 | D:1      | Reached XP level 3. HP: 21/24 MP: 2/7
  1566 | D:1      | Found a faded altar of an unknown god.
  1599 | D:1      | Reached skill level 5 in Necromancy
  2272 | D:2      | Learned a level 3 spell: Vampiric Draining
  3305 | D:3      | Found a bloodstained altar of Trog.
  3787 | D:3      | Found a basalt altar of Yredelemnul.
  3875 | D:4      | Reached XP level 4. HP: 27/30 MP: 5/9
  4231 | D:4      | Found a shimmering altar of Xom.
  4231 | D:4      | Found a shimmering blue altar of Sif Muna.
  4285 | D:4      | Gained mutation: You are mostly covered in molten scales.
                  | (AC +3) [demonic ancestry]
  4285 | D:4      | Reached XP level 5. HP: 29/35 MP: 5/11
  4518 | D:4      | Learned a level 1 spell: Shock
  4738 | D:4      | Found an ancient bone altar of Kikubaaqudgha.
  4854 | D:4      | You fall into a shaft and drop 3 floors!
  4861 | D:7      | Noticed an ogre
  4869 | D:7      | Noticed a water moccasin
  4878 | D:7      | Noticed a centaur
  4882 | D:7      | Succumbed to a scorpion's poison

Illustrated notes

Levels and vault maps discovered:
D:1:      minmay_arrival_up_and_down, layout_basic,
          chequers_ecumenical_altar_island
D:2:      layout_basic, serial_aquarium, aquarium_bridge_long_separate
          [aquarium_subvault_bridge, aquarium_subvault_wall,
          aquarium_subvault_window, aquarium_subvault_bridge,
          aquarium_subvault_bridge, aquarium_subvault_wall], aquarium_window_2,
          aquarium_window_1, aquarium_window_fake, aquarium_window_fake,
          aquarium_view_2d, aquarium_view_4
D:3:      layout_rooms, kennysheep_ying_yang, lemuel_round_altar,
          chequers_serial_rivers_micro_b, hangedman_decor_growths
D:4:      layout_gridville, jmf_multi_god_temple,
          mainiacjoe_overflow_six_doors_small
D:7:      layout_rooms, minmay_temple_entry_statues_fountains,
          hangedman_decor_clover_reticule

Skill      XL: |  1  2  3  4 |
---------------+-------------+-----
Necromancy     | 5 |  5.5
Spellcasting   | 3 4 |  4.3
Dodging        | |  1.7
Stealth        | |  1.7
Conjurations   | |  0.2

Action                   |  1- 3 |  4- 6 || total
-------------------------+-------+-------++-------
Melee: Unarmed           |    16 |    29 ||    45
 Cast: Pain              |   103 |    29 ||   132
       Vampiric Draining |     2 |       ||     2
  Use: Scroll            |     4 |     4 ||     8
       Potion            |       |     5 ||     5
Armor: Robe              |    11 |    19 ||    30
       Skin              |       |     9 ||     9
Dodge: Dodged            |    28 |    49 ||    77

Table legend: (Time is in decaauts)
 A = Elapsed time spent in this place.
 B = Non-inter-level travel time spent in this place.
 C = Inter-level travel time spent in this place.
 D = Time resting spent in this place.
 E = Time spent auto-exploring this place.
 F = Levels seen in this place.
 G = Mean time per level.
                   A        B        C        D        E       F      G
               +--------+--------+--------+--------+--------+-----+--------+
         Total |   4873 |   4752 |    121 |    933 |   2945 |   5 |  974.6 |
       Dungeon |   4873 |   4752 |    121 |    933 |   2945 |   5 |  974.6 |
               +--------+--------+--------+--------+--------+-----+--------+

Top non-repeatable levels by time:
     D:1: 1618 daAuts
     D:2: 1567 daAuts
     D:4: 906 daAuts
     D:3: 753 daAuts
     D:7: 27 daAuts
